 Dungeon Crawl Stone Soup version 0.21.1-1-g345015f (webtiles) character file.

347 toffzen the Magician (level 6, 0/51 HPs)
             Began as a Gnoll Wanderer on Mar 20, 2018.
             Succumbed to an orc wizard's poison
             ... on level 4 of the Dungeon.
             The game lasted 00:12:26 (4310 turns).

toffzen the Magician (Gnoll Wanderer)               Turns: 4310, Time: 00:12:27

Health: 0/51       AC:  3    Str: 11 (14) XL:     6   Next: 59%
Magic:  16/16      EV: 17    Int: 11 (13) God:
Gold:   146        SH:  0    Dex: 20 (23) Spells: 18/19 levels left

rFire    . . .     SeeInvis .   a - +1 dagger (venom)
rCold    . . .     Gourm    .   (no shield)
rNeg     . . .     Faith    .   n - +0 leather armour
rPois    .         Spirit   .   (no helmet)
rElec    .         Reflect  .   (no cloak)
rCorr    .         Harm     .   (no gloves)
MR       .....                  (no boots)
Stlth    ++++......             y - amulet of rage
HPRegen  0.17/turn              B - ring of stealth
MPRegen  0.15/turn              (no ring)

@: agile, lethally poisoned (0 -> -11)
A: distributed training, fangs 1, strong nose
a: Evoke Berserk Rage


You were on level 4 of the Dungeon.
You were not hungry.

You visited 1 branch of the dungeon, and saw 4 of its levels.

You collected 146 gold pieces.

Inventory:

Hand Weapons
 a - a +1 dagger of venom (weapon)
 b - a +0 hunting sling
 z - a +0 hand axe of freezing
 A - a +2 whip of flaming
Missiles
 h - 11 poisoned needles
 i - 39 arrows
 u - 7 curare-tipped needles
 x - 78 stones (quivered)
Armour
 d - a +0 robe
 n - a +0 leather armour (worn)
 s - a cursed -1 scale mail
Jewellery
 y - an amulet of rage (around neck)
 B - a ring of stealth (left hand)
Scrolls
 c - 2 scrolls of teleportation
 g - a scroll of remove curse
 j - a scroll of random uselessness {unknown}
 p - a scroll of magic mapping {unknown}
 q - 3 scrolls of fog {unknown}
 v - 2 scrolls of fear {unknown}
 w - a scroll of enchant armour {unknown}
 C - 2 scrolls of blinking {unknown}
 D - a scroll of immolation {unknown}
Potions
 l - a potion of cancellation
 r - a potion of degeneration
Books
 m - the Tome of Creation

   Spells                             Type                      Level
   a - Summon Small Mammal            Summoning                    1
   b - Call Canine Familiar           Summoning                    3
 o - a book of Minor Magic

   Spells                             Type                      Level
   a - Magic Dart                     Conjuration                  1
   b - Blink                          Translocation                2
   c - Call Imp                       Summoning                    2
   d - Slow                           Hexes                        2
   e - Conjure Flame                  Conjuration/Fire             3
   f - Mephitic Cloud                 Conjuration/Poison/Air       3
Comestibles
 f - 4 rations
 t - a chunk of flesh


   Skills:
 + Level 5.0 Fighting
 + Level 2.0 Short Blades
 + Level 2.0 Long Blades
 + Level 2.0 Axes
 + Level 2.0 Maces & Flails
 + Level 2.0 Polearms
 + Level 2.0 Staves
 + Level 2.0 Slings
 + Level 2.0 Bows
 + Level 2.0 Crossbows
 + Level 2.0 Throwing
 + Level 3.2 Armour
 + Level 2.0 Dodging
 + Level 3.1 Stealth
 + Level 3.2 Shields
 + Level 2.0 Unarmed Combat
 + Level 7.4 Spellcasting
 + Level 1.5 Conjurations
 + Level 2.6 Hexes
 + Level 1.5 Charms
 + Level 1.5 Summonings
 + Level 1.5 Necromancy
 + Level 1.5 Translocations
 + Level 1.5 Transmutations
 + Level 1.5 Fire Magic
 + Level 1.5 Ice Magic
 + Level 1.5 Air Magic
 + Level 2.6 Earth Magic
 + Level 1.5 Poison Magic
 + Level 2.2 Invocations
 + Level 2.0 Evocations


You had 18 spell levels left.
You knew the following spells:

 Your Spells              Type           Power        Failure   Level  Hunger
a - Magic Dart            Conj           #...         11%         1    None


Dungeon Overview and Level Annotations

Branches:
Dungeon (4/15)
 Temple: D:4-7

Altars:
Cheibriados
Sif Muna

Shops:
D:4 }

Annotations:
D:3 Falque's ghost, weakling TrBe
D:4 bmj180's ghost, amateur HaFi


Innate Abilities, Weirdness & Mutations

Your experience applies equally to all skills.
You have very sharp teeth.
Your uncanny sense of smell can sniff out nearby items.


Message History

The jackal is heavily wounded.
* * * LOW HITPOINT WARNING * * *
You feel sick. The jackal closely misses you. x2
You hit the jackal.
The jackal is poisoned.
The jackal is severely wounded.
* * * LOW HITPOINT WARNING * * *
You feel sick.
You kill the jackal!
You barely miss the orc.
* * * LOW HITPOINT WARNING * * *
You feel sick. The orc closely misses you.
You hit the orc.
The orc is heavily wounded.
* * * LOW HITPOINT WARNING * * *
You feel sick. The orc hits you but does no damage.
You hit the orc.
You kill the orc!
* * * LOW HITPOINT WARNING * * *
You feel sick.
You die...

#######.^.......
.........#.##...# .
.#######.#.####.. ..
#......# .#########. ∆
###.##.# ...o......
#)##.####.>.......
#######.##..)..o........
..........).............
#######@#######.....(...
#.# #......... #.#
#.......(# ###
#......).# ##########


There were no monsters in sight!

Vanquished Creatures
  2 hounds (D:4)
  2 orc wizards (D:4)
  4 gnolls
  8 adders
  4 oozes
  A worm (D:2)
  2 dart slugs (D:1)
  4 leopard geckos
  9 orcs
  8 bats
  A giant cockroach (D:2)
  10 goblins
  5 hobgoblins
  16 jackals
  4 kobolds
  A quokka (D:2)
  5 frilled lizards
  9 rats
95 creatures vanquished.

Notes
Turn   | Place    | Note
-------+----------+-------------------------------------------
     0 | D:1      | toffzen the Gnoll Wanderer began the quest for the Orb.
     0 | D:1      | toffzen set off with: a book of Minor Magic, the Tome of Creation, a scroll of teleportation, a +0 robe, a +0 dagger, a ration
     0 | D:1      | Reached XP level 1. HP: 20/20 MP: 8/8
   221 | D:1      | Reached XP level 2. HP: 17/26 MP: 10/10
   343 | D:1      | Identified the Tome of Creation
   496 | D:1      | Learned a level 1 spell: Magic Dart
   807 | D:1      | Reached XP level 3. HP: 31/31 MP: 11/11
  1066 | D:1      | Reached skill level 1 in Invocations
  1152 | D:2      | Found a snail-covered altar of Cheibriados.
  1163 | D:1      | Reached skill level 1 in Short Blades
  1163 | D:1      | Reached skill level 1 in Long Blades
  1163 | D:1      | Reached skill level 1 in Axes
  1163 | D:1      | Reached skill level 1 in Maces & Flails
  1163 | D:1      | Reached skill level 1 in Polearms
  1163 | D:1      | Reached skill level 1 in Staves
  1163 | D:1      | Reached skill level 1 in Slings
  1163 | D:1      | Reached skill level 1 in Bows
  1163 | D:1      | Reached skill level 1 in Crossbows
  1163 | D:1      | Reached skill level 1 in Throwing
  1163 | D:1      | Reached skill level 1 in Dodging
  1163 | D:1      | Reached skill level 1 in Unarmed Combat
  1163 | D:1      | Reached skill level 1 in Evocations
  1396 | D:1      | Reached XP level 4. HP: 21/38 MP: 13/13
  1772 | D:2      | Reached skill level 1 in Conjurations
  1772 | D:2      | Reached skill level 1 in Charms
  1772 | D:2      | Reached skill level 1 in Summonings
  1772 | D:2      | Reached skill level 1 in Necromancy
  1772 | D:2      | Reached skill level 1 in Translocations
  1772 | D:2      | Reached skill level 1 in Transmutations
  1772 | D:2      | Reached skill level 1 in Fire Magic
  1772 | D:2      | Reached skill level 1 in Ice Magic
  1772 | D:2      | Reached skill level 1 in Air Magic
  1772 | D:2      | Reached skill level 1 in Poison Magic
  1917 | D:2      | Reached XP level 5. HP: 28/43 MP: 14/14
  2292 | D:2      | Found a deep blue altar of Sif Muna.
  2876 | D:3      | Noticed Falque's ghost (weakling TrBe)
  4006 | D:4      | Found Enlimp's Gadget Shop.
  4031 | D:4      | Noticed a necrophage
  4031 | D:4      | Reached XP level 6. HP: 50/50 MP: 16/16
  4082 | D:4      | Noticed bmj180's ghost (amateur HaFi)
  4294 | D:4      | Reached skill level 5 in Fighting
  4307 | D:4      | HP: 2/51 [poisoned by an orc wizard]
  4310 | D:4      | Succumbed to an orc wizard's poison

Skill      XL: |  1  2  3  4  5  6 |
---------------+-------------------+-----
Hexes          | 2 |  2.6
Earth Magic    | 2 |  2.6
Invocations    | 1 2 |  2.2
Short Blades   | 1 2 |  2.0
Long Blades    | 1 2 |  2.0
Axes           | 1 2 |  2.0
Maces & Flails | 1 2 |  2.0
Polearms       | 1 2 |  2.0
Staves         | 1 2 |  2.0
Slings         | 1 2 |  2.0
Bows           | 1 2 |  2.0
Crossbows      | 1 2 |  2.0
Throwing       | 1 2 |  2.0
Dodging        | 1 2 |  2.0
Unarmed Combat | 1 2 |  2.0
Evocations     | 1 2 |  2.0
Conjurations   | 1 |  1.5
Charms         | 1 |  1.5
Summonings     | 1 |  1.5
Necromancy     | 1 |  1.5
Translocations | 1 |  1.5
Transmutations | 1 |  1.5
Fire Magic     | 1 |  1.5
Ice Magic      | 1 |  1.5
Air Magic      | 1 |  1.5
Poison Magic   | 1 |  1.5
Armour         | 3 |  3.2
Shields        | 3 |  3.2
Stealth        | 3 |  3.1
Fighting       | 5 |  5.0
Spellcasting   | |  7.4

Action                   |  1- 3 |  4- 6 || total
-------------------------+-------+-------++-------
Melee: Dagger            |    85 |   227 ||   312
       Bite              |    10 |    26 ||    36
       Punch             |       |     3 ||     3
 Fire: Hunting sling     |       |    17 ||    17
Throw: Tomahawk          |     2 |       ||     2
       Stone             |       |    14 ||    14
  Use: Scroll            |       |     3 ||     3
       Potion            |       |     4 ||     4
 Stab: Sleeping          |     4 |     7 ||    11
  Eat: Chunk             |     2 |     7 ||     9
       Ration            |       |     1 ||     1
Armor: Robe              |    11 |       ||    11
       Leather armour    |     9 |    35 ||    44
Dodge: Dodged            |    39 |   134 ||   173
